 Dungeon Crawl Stone Soup version 0.31-a0-868-g674d60d6f7 (webtiles) character file.

Game seed: 14011347116295509798

21 croobank the Sneak (level 2, 0/21 HPs)
             Began as an Octopode Delver on Oct 12, 2023.
             Slain by a quokka (3 damage)
             ... on level 2 of the Dungeon.
             The game lasted 00:01:57 (545 turns).

croobank the Sneak (Octopode Delver)                 Turns: 545, Time: 00:01:58

Health: 0/21       AC:  1    Str: 11    XL:     2   Next: 83%
Magic:  11/11      EV: 13    Int: 12    God:
Gold:   39         SH:  0    Dex: 13    Spells: 1/1 levels left

rFire   . . .        h - +9 hammer of the Lurker {heavy, rC+ MP+9 Stlth+}
rCold   + . .        (no shield)
rNeg    . . .        (helmet restricted)
rPois   .            (no amulet)
rElec   .            (no ring)
rCorr   .            (no ring)
SInv    .            (no ring)
Will    .....        (no ring)
Stlth   +++++        (no ring)
HPRegen 0.23/turn    (no ring)
MPRegen 0.12/turn    (no ring)
                     (no ring)

%: no passive effects
@: no status effects
A: almost no armour, amphibious, 8 rings, camouflage 1, gelatinous body 1,
(nimble swimmer 1), tentacles
a: no special abilities


You were on level 2 of the Dungeon.
You visited 1 branch of the dungeon, and saw 5 of its levels.

You collected 39 gold pieces.

Inventory:

Hand Weapons
 a - a +0 short sword
 h - the +9 hammer of the Lurker (weapon) {heavy, rC+ MP+9 Stlth+}
   (You found it on level 6 of the Dungeon)

   rC+:       It protects you from cold.
   MP+9:      It affects your magic capacity (+9).
   Stlth+:    It makes you more stealthy.
Wands
 f - a wand of digging (3)
Scrolls
 b - a scroll of fog
 c - a scroll of revelation
 d - a scroll of fear
 g - a scroll of amnesia {unknown}
 l - a scroll of teleportation {unknown}
Potions
 e - a potion of haste
 i - 2 potions of degeneration {unknown}
 j - 2 potions of magic {unknown}
 k - 2 potions of heal wounds {unknown}


   Skills:
 + Level 3.2 Fighting
 + Level 2.3 Short Blades
 + Level 2.3 Dodging
 + Level 6.9 Stealth


You had one spell level left.
You didn't know any spells.
Your spell library was empty.

Dungeon Overview and Level Annotations

Branches:
Dungeon (6/15)
 Temple: D:4-7

Altars:

Annotations:
D:6 Pikel


Innate Abilities, Weirdness & Mutations

You cannot wear most types of armour.
You are amphibious.
You can wear up to eight rings at the same time.
Your skin changes colour to match your surroundings (Stealth+).
Your rubbery body absorbs attacks. (AC +1, EV +1)
((You are camouflaged when in or above water. (Stealth+)))
You have tentacles for arms and can constrict up to eight enemies at once.


Message History

You sock the ball python!
You kill the ball python!
No target in view!
No target in view!
A frilled lizard comes into view.
The frilled lizard moves out of view.
Things that are here:
a +0 whip; a kobold corpse
Found a fuming clear potion.
Found a scroll labelled SYUSEA KUMIQO.
You now have 26 gold pieces (gained 15).
You now have 39 gold pieces (gained 13).
A worm comes into view.
You see here a scroll labelled SYUSEA KUMIQO.
g - a scroll labelled SYUSEA KUMIQO You start resting.
A frilled lizard is nearby!
The frilled lizard hisses angrily.
You bludgeon the frilled lizard!!
You kill the frilled lizard!
No target in view!
No target in view!
Things that are here:
a +0 short sword; a kobold corpse A quokka comes into view.
You see here a fuming clear potion.
j - 2 fuming clear potions (gained 1)
A hobgoblin and a dart slug come into view.
The worm bites you!
Ouch! That really hurt!
You are too injured to fight recklessly!
You are too injured to fight recklessly!
You are too injured to fight recklessly!
The quokka closely misses you. The quokka attacks as it pursues you!
The quokka bites you.
You closely miss the quokka. You grab the quokka. You constrict the quokka.
The quokka bites you.
* * * LOW HITPOINT WARNING * * *
The quokka barely misses you. The quokka bites you.
You die...

g# .# #.# #
#####.##.###
#...........
#......#.### ##..w##.#
####..#r##.#
##.....#@##.#
#..###.#.##.# # #.#
#.#.##.#.#
#†####.#.#....###
####>)...............
#.....).....#.######.#
#...........#...
#...........####.#
#.#######.#.# #


You could see a worm and a quokka.

Vanquished Creatures
  A lemure (D:5)
  An adder (D:3)
  An orc (D:3)
  A goblin (D:3)
  A jackal (D:2)
  A quokka (D:4)
  2 ball pythons (D:2)
  A frilled lizard (D:2)
  2 kobolds (D:2)
11 creatures vanquished.

Notes
Turn   | Place    | Note
-------+----------+-------------------------------------------
     0 | D:5      | croobank the Octopode Delver began the quest for the Orb.
     0 | D:5      | Reached XP level 1. HP: 16/16 MP: 1/1
    47 | D:6      | Identified the +9 hammer of the Lurker {heavy, rC+ MP+9
                  | Stlth+}
   143 | D:6      | Noticed a lemure
   143 | D:6      | Noticed a lemure
   144 | D:6      | Noticed Pikel
   144 | D:6      | Noticed a lemure
   144 | D:6      | Noticed a lemure
   151 | D:5      | Killed a lemure
   424 | D:3      | Reached XP level 2. HP: 10/21 MP: 2/2
   545 | D:2      | Slain by a quokka

Illustrated notes

Levels and vault maps discovered:
D:2:      layout_basic, kennysheep_minor_cross, corexii_item_surrounded_by_moat
D:3:      layout_loops_ring, amethyst_overflow_temple_binary
D:4:      layout_loops_ring, mainiacjoe_overflow_brackets,
          minmay_temple_entry_nine_rooms, serial_glass, glass_columns_a,
          glass_columns_b, minmay_box_of_dots, uniq_edmund, uniq_duvessa,
          uniq_ijyb, uniq_menkaure
D:5:      nicolae_cairo_tiling, layout_rooms
D:6:      layout_basic, serial_bayou_pond_c, uniq_crazy_yiuf_cottage,
          uniq_pikel, uniq_grinder

Action                     || total
---------------------------++-------
  Melee: Mace              ||    19
         Constrict         ||     3
    Use: Potion            ||     1
   Stab: Sleeping          ||     4
 Armour: Skin              ||    18
  Dodge: Dodged            ||    17

Table legend: (Time is in decaauts)
 A = Elapsed time spent in this place.
 B = Non-inter-level travel time spent in this place.
 C = Inter-level travel time spent in this place.
 D = Time resting spent in this place.
 E = Time spent auto-exploring this place.
 F = Levels seen in this place.
 G = Mean time per level.
                   A        B        C        D        E       F      G
               +--------+--------+--------+--------+--------+-----+--------+
         Total |    564 |    540 |     24 |    274 |     64 |   5 |  112.8 |
       Dungeon |    564 |    540 |     24 |    274 |     64 |   5 |  112.8 |
               +--------+--------+--------+--------+--------+-----+--------+

Top non-repeatable levels by time:
     D:3: 219 daAuts
     D:6: 121 daAuts
     D:5: 84 daAuts
     D:4: 71 daAuts
     D:2: 67 daAuts
